 Dungeon Crawl Stone Soup version 0.20-a0-441-g89e74e4 (webtiles) character file.

377 Kriby the Magician (level 6, -4/41 HPs)
             Began as a Mummy Fire Elementalist on Jan 6, 2017.
             Was a Follower of Sif Muna.
             Slain by a freezing wraith (11 damage)
             ... on level 1 of the Dungeon.
             The game lasted 00:05:53 (9839 turns).

Kriby the Magician (Mummy Fire Elementalist)        Turns: 9839, Time: 00:05:54

Health: -4/41      AC:  3    Str: 12    XL:     6   Next: 45%
Magic:  4/14       EV: 12    Int: 16    God:    Sif Muna [*.....]
Gold:   115        SH:  0    Dex: 12    Spells: 6/16 levels left

rFire  x . .     SeeInvis .     f - +0 dagger
rCold  + . .     Gourm    .     a - +0 robe
rNeg   + + +     Faith    .     (no shield)
rPois  ∞         Spirit   .     (no helmet)
rElec  .         Reflect  .     c - +0 cloak
rCorr  .         Harm     .     (no gloves)
MR     .....                    (no boots)
Stlth  ++........               g - amulet of regeneration
                                (no ring)
                                (no ring)

@: slowed, very slow
A: no food or potions, fire vulnerability, cold resistance 1, negative energy
resistance 3, torment resistance, unbreathing
a: Divine Energy, Renounce Religion


You were on level 1 of the Dungeon.
You worshipped Sif Muna.
Sif Muna was aware of your devotion.
You were not hungry.

You visited 1 branch of the dungeon, and saw 2 of its levels.

You collected 115 gold pieces.

Inventory:

Hand Weapons
 f - a +0 dagger (weapon)
Armour
 a - a +0 robe (worn)
 c - a +0 cloak (worn)
Jewellery
 g - an amulet of regeneration (around neck)
Scrolls
 d - a scroll of immolation {unknown}
 i - a scroll of identify {unknown}
 j - a scroll of remove curse {unknown}
Books
 b - a book of Flames

   Spells                             Type                      Level
   a - Flame Tongue                   Conjuration/Fire             1
   b - Throw Flame                    Conjuration/Fire             2
   c - Conjure Flame                  Conjuration/Fire             3
   d - Inner Flame                    Hexes/Fire                   3
   e - Sticky Flame                   Conjuration/Fire             4
   f - Fireball                       Conjuration/Fire             5


   Skills:
 - Level 1.5 Dodging
 - Level 1.5 Stealth
 * Level 5.6 Spellcasting
 + Level 3.5 Conjurations
 + Level 3.3 Fire Magic


You had 6 spell levels left.
You knew the following spells:

 Your Spells              Type           Power        Failure   Level  Hunger
a - Flame Tongue          Conj/Fire      ###..        4%          1    N/A
b - Conjure Flame         Conj/Fire      ###.....     12%         3    N/A
c - Sticky Flame          Conj/Fire      ###.....     38%         4    N/A
d - Throw Flame           Conj/Fire      ###...       8%          2    N/A

Dungeon Overview and Level Annotations

Branches:
Dungeon (2/15)

Altars:
Ashenzari
Cheibriados
Dithmenos
Hepliaklqana
Sif Muna
Vehumet
Yredelemnul
The Shining One


Innate Abilities, Weirdness & Mutations

You do not eat or drink.
Your flesh is vulnerable to fire.
You are immune to poison.
Your flesh is cold resistant. (rC+)
You are immune to negative energy. (rN+++)
You are immune to unholy pain and torment.
You can survive without breathing.


Message History

Casting: Flame Tongue
Confirm with . or Enter, or press ? or * to list all spells.
You don't have enough magic to cast that spell.
There is an open door here.
You see here a stone.
You see here a stone.
A hungry ghost comes into view.
There is a stone staircase leading down here.
As you read the scroll labeled REIMOFE OLAUXT, it crumbles to dust.
It is a scroll of recharging.
You aren't carrying any rechargeable items.
As you read the scroll labeled IJOCEHISCHU, it crumbles to dust.
The scroll dissolves into smoke.
It was a scroll of fog.
The freezing wraith hits you. The freezing wraith freezes you! You resist.
The freezing wraith hits you. The freezing wraith drains your vigour!
You feel yourself slow down. The freezing wraith hits you.
The freezing wraith freezes you! You resist.
* * * LOW HITPOINT WARNING * * *
The freezing wraith hits you!
You die...

###...####...##..................
......# #...##.......#.......###
#.....# #†..##)......#.......#
#.....#########.....(.#.......#
#.....................#.......###
##...............(....#..........
#.....(......).#########........
##.........####'##...............
.'.........#..§W@....##########..
##.....(...#..§§W....# #..
#.........#)(§§§....# #..
#.....))...(..(.....# #..
#.........#.........# #..
#.........####.)#(### ###
#.........####..#.#
#.........#.....#.#
#.........#.###.#.#


You could see a freezing wraith and a hungry ghost (wandering).

Vanquished Creatures
  A troll (D:1)
  A hound (D:1)
  A gnoll (D:1)
  3 adders
  An ooze (D:1)
  4 worms
  2 dart slugs (D:1)
  A leopard gecko (D:1)
  A giant cockroach (D:1)
  8 hobgoblins
  3 jackals (D:2)
  2 quokkas (D:2)
  10 bats
  4 frilled lizards
  10 goblins
  12 kobolds
  6 rats
70 creatures vanquished.

Notes
Turn   | Place    | Note
-------+----------+-------------------------------------------
     0 | D:1      | Kriby the Mummy Fire Elementalist began the quest for the Orb.
     0 | D:1      | Reached XP level 1. HP: 13/13 MP: 4/4
    39 | D:1      | Reached skill level 1 in Conjurations
   298 | D:1      | Reached skill level 3 in Spellcasting
   298 | D:1      | Reached XP level 2. HP: 19/19 MP: 1/6
   653 | D:1      | Reached XP level 3. HP: 24/24 MP: 5/7
  6700 | D:1      | Reached XP level 4. HP: 29/30 MP: 4/9
  6719 | D:1      | Learned a level 3 spell: Conjure Flame
  6735 | D:1      | Reached skill level 4 in Spellcasting
  6813 | D:1      | Learned a level 4 spell: Sticky Flame
  6816 | D:1      | Learned a level 2 spell: Throw Flame
  7760 | D:1      | Noticed a troll
  7936 | D:2      | Found a shadowy altar of Dithmenos.
  7937 | D:2      | Found a hazy altar of Hepliaklqana.
  8107 | D:2      | Found a radiant altar of Vehumet.
  8108 | D:2      | Found a snail-covered altar of Cheibriados.
  8108 | D:2      | Found a deep blue altar of Sif Muna.
  8108 | D:2      | Found a basalt altar of Yredelemnul.
  8109 | D:2      | Found a shattered altar of Ashenzari.
  8225 | D:2      | Became a worshipper of Sif Muna the Loreminder
  8347 | D:2      | Reached XP level 5. HP: 35/35 MP: 5/11
  8633 | D:2      | Found a glowing golden altar of the Shining One.
  8860 | D:1      | Killed a troll
  8860 | D:1      | Reached * piety under Sif Muna
  8860 | D:1      | Reached skill level 5 in Spellcasting
  8860 | D:1      | Reached XP level 6. HP: 25/41 MP: 2/14
  9794 | D:1      | Noticed a freezing wraith
  9837 | D:1      | Noticed a hungry ghost
  9839 | D:1      | Slain by a freezing wraith

Vault maps used:
D:1:      dpeg_arrival_solitude, serial_park_tiny_1
D:2:      lemuel_coloured_pillars_altar, minitemple

Skill      XL: |  1  2  3  4  5 |
---------------+----------------+-----
Conjurations   | 1 2 3 |  3.5
Spellcasting   | 3 4 5 |  5.6
Fire Magic     | 3 |  3.3
Dodging        | |  1.5
Stealth        | |  1.5

Action                   |  1- 3 |  4- 6 || total
-------------------------+-------+-------++-------
Melee: Unarmed           |    16 |       ||    16
       Dagger            |    15 |    12 ||    27
 Cast: Flame Tongue      |    63 |    79 ||   142
       Conjure Flame     |       |     3 ||     3
       Sticky Flame      |       |     2 ||     2
       Throw Flame       |       |     1 ||     1
  Use: Scroll            |       |     2 ||     2
Armor: Robe              |     7 |    20 ||    27
Dodge: Dodged            |    37 |    54 ||    91
